 Dungeon Crawl Stone Soup version 0.25.1-2-g60ff931df9 (webtiles) character file.

Game seed: 4516563891025676983

0 petra the Charmwright (level 1, 0/17 HPs)
             Began as a Centaur Skald on Nov 26, 2020.
             Slain by an adder (1 damage)
             ... on level 2 of the Dungeon.
             The game lasted 00:01:31 (1946 turns).

petra the Charmwright (Centaur Skald)               Turns: 1946, Time: 00:01:31

Health: 0/17       AC:  4    Str: 13    XL:     1   Next: 8%
Magic:  3/3        EV:  9    Int: 12    God:
Gold:   21         SH:  0    Dex:  8    Spells: 2/3 levels left

rFire    . . .     SeeInvis .   a - +0 spear
rCold    . . .     Gourm    .   (no shield)
rNeg     . . .     Faith    .   b - +0 leather armour
rPois    .         Spirit   .   (no helmet)
rElec    .         Reflect  .   (no cloak)
rCorr    .         Harm     .   (no gloves)
MR       .....                  (no barding)
Stlth    ..........             (no amulet)
HPRegen  0.05/turn              (no ring)
MPRegen  0.08/turn              (no ring)

@: lethally poisoned (0 -> -4), very quick
A: large, hooves 3, deformed body, speed 2, tough skin 3
a: no special abilities


You were on level 2 of the Dungeon.
You were not hungry.

You visited 1 branch of the dungeon, and saw 2 of its levels.

You collected 21 gold pieces.

Inventory:

Hand Weapons
 a - a +0 spear (weapon)
Armour
 b - a +0 leather armour (worn)
Scrolls
 c - a scroll of magic mapping {unknown}
 e - a scroll of remove curse {unknown}


   Skills:
 + Level 2.0 Fighting
 + Level 1.7 Polearms
 + Level 0.6 Armour
 + Level 1.3 Dodging
 + Level 1.6 Spellcasting
 + Level 2.6 Charms


You had 2 spell levels left.
You knew the following spells:

 Your Spells              Type           Power        Failure   Level  Hunger
a - Infusion              Chrm           #...         12%         1    ##.....

Your spell library contained the following spells:

 Spells                   Type           Power        Failure   Level  Hunger
 Song of Slaying          Chrm           #.......     19%         2    ###....
 Shroud of Golubria       Chrm/Tloc      #.....       30%         2    ###....
 Ozocubu's Armour         Chrm/Ice       #.......     52%         3    ####...
 Spectral Weapon          Hex/Chrm       #.......     52%         3    ####...


Dungeon Overview and Level Annotations

Branches:
Dungeon (1/15)

Altars:


Innate Abilities, Weirdness & Mutations

You have hooves in place of feet.
Armour fits poorly on your strangely shaped body.
You cover ground very quickly.
You have extremely tough skin. (AC +3)


Message History

An adder comes into view.
The adder hisses angrily.
The adder bites you.
You are poisoned.
The adder poisons you! The adder bites you but does no damage.
You feel sick. The adder barely misses you.
The kobold hits you but does no damage. The adder bites you but does no damage.
You feel sick. The adder closely misses you. The kobold hits you.
The adder bites you. The kobold hits you but does no damage.
The adder bites you but does no damage.
You feel sick. The kobold completely misses you. The adder closely misses you.
The kobold hits you but does no damage. The adder bites you but does no damage.
A frilled lizard comes into view.
The frilled lizard hisses angrily.
The adder bites you.
* * * LOW HITPOINT WARNING * * *
The kobold hits you but does no damage. The adder bites you.
* * * LOW HITPOINT WARNING * * *
The kobold hits you but does no damage. The adder bites you.
You die...

#.### #
#..........##...### ##
.....#.....#......###.#.
......l...##........#.#.
..........#...........#.
#........##..........##.
#......#.....#..%..#..
#.KS##..........##..
#@.(..........####
#####........##
###......# #.###...##
####..###.#
........#)######
#......... #.####.##.
#.# #.....


You could see an adder, a kobold and a frilled lizard.

Vanquished Creatures
  A kobold (D:2)
  A plant (D:2)
2 creatures vanquished.

Vanquished Creatures (others)
  6 toadstools (D:2)
6 creatures vanquished.

Grand Total: 8 creatures vanquished

Notes
Turn   | Place    | Note
-------+----------+-------------------------------------------
     0 | D:1      | petra the Centaur Skald began the quest for the Orb.
     0 | D:1      | Reached XP level 1. HP: 17/17 MP: 3/3
    19 | D:1      | You fall into a shaft and drop 1 floor!
  1864 | D:2      | Paralysed by fainting for 6 turns
  1871 | D:2      | Paralysed by fainting for 9 turns
  1946 | D:2      | Slain by an adder

Illustrated notes

Levels and vault maps discovered:
D:1:      dpeg_arrival_lava_temple_mockup, layout_basic, skrybe_limestone_x,
          minmay_tetromino_o4
D:2:      minmay_skewed_foursquare, layout_rooms, nemelex_altar_shiori,
          okawaru_ov_weapons_minmay, serial_forest, infiniplex_forest_side_room,
          infiniplex_forest_clump_diagonal, infiniplex_forest_straight_3,
          infiniplex_forest_clump_large, infiniplex_forest_clump_double,
          infiniplex_forest_side_room, infiniplex_forest_corner_1,
          minmay_gold_behind_fungi, kennysheep_slug_shrine, uniq_natasha,
          uniq_jessica, uniq_crazy_yiuf_cottage

Action                   || total
-------------------------++-------
Melee: Spear             ||   105
       Kick              ||    43
  Eat: Ration            ||     1
Armor: Leather armour    ||    10
Dodge: Dodged            ||     5
